 Dungeon Crawl Stone Soup version 0.19-a0-1613-g7c9bbd0 (webtiles) character file.

2872 Illmatic the Basher (level 9, -2/59 HPs)
             Began as a Gargoyle Fighter on Sept 18, 2016.
             Was a Believer of Okawaru.
             Slain by an ogre
             ... wielding a +0 giant club
              (15 damage)
             ... on level 10 of the Dungeon.
             The game lasted 00:15:52 (6262 turns).

Illmatic the Basher (Gargoyle Fighter)              Turns: 6262, Time: 00:15:53

Health: -2/59      AC: 15    Str: 22    XL:     9   Next: 76%
Magic:  9/9        EV: 10    Int: 14    God:    Okawaru [**....]
Gold:   301        SH:  0    Dex: 12    Spells: 0 memorised, 8 levels left

rFire  + . .     SeeInvis .     u - +4 mace of Defiance {crush, MR++ Int+4 Dex+3 Stlth-}
rCold  x . .     Gourm    .     m - +2 ring mail {rN+}
rNeg   + + .     Faith    .     (no shield)
rPois  ∞         Spirit   .     (no helmet)
rElec  +         Dismiss  .     t - +0 cloak
rCorr  .         Reflect  .     (no gloves)
MR     ++...     Harm     .     (no boots)
Stlth  ..........               (no amulet)
                                s - ring of flight
                                h - ring of fire

@: about to teleport
A: negative energy resistance 1, electricity resistance, unbreathing,
petrification resistance, rot immunity, AC +5
a: Heroism, Renounce Religion, Evoke Flight


You were on level 10 of the Dungeon.
You worshipped Okawaru.
Okawaru was pleased with you.
You were hungry.

You visited 2 branches of the dungeon, and saw 10 of its levels.
You also visited: Sewer.

You collected 301 gold pieces.

Inventory:

Hand Weapons
 u - the +4 mace of Defiance (weapon) {crush, MR++ Int+4 Dex+3 Stlth-}
   (You found it on level 5 of the Dungeon)

   It inflicts extra damage upon your enemies.
   It affects your intelligence (+4).
   It affects your dexterity (+3).
   It affects your resistance to hostile enchantments.
   It makes you less stealthy.
Armour
 l - a +1 chain mail of cold resistance
 m - a +2 ring mail of positive energy (worn)
 t - a +0 cloak (worn)
Jewellery
 h - a ring of fire (left hand)
 s - a ring of flight (right hand)
Wands
 b - a wand of polymorph (2/24)
 c - a wand of teleportation (0/9)
 e - a wand of lightning (6/15)
 o - a wand of lightning (8/15)
Scrolls
 g - 2 scrolls of recharging
 i - a scroll of identify
 k - a scroll of remove curse
Potions
 j - 2 potions of curing
 x - a potion of might
Books
 p - a book of Flames

   Spells                             Type                      Level
   a - Flame Tongue                   Conjuration/Fire             1
   b - Throw Flame                    Conjuration/Fire             2
   c - Conjure Flame                  Conjuration/Fire             3
   d - Inner Flame                    Hexes/Fire                   3
   e - Sticky Flame                   Conjuration/Fire             4
   f - Fireball                       Conjuration/Fire             5
Comestibles
 d - 2 meat rations
 f - 5 bread rations
 n - a beef jerky
 v - a royal jelly


   Skills:
 + Level 8.0 Fighting
 + Level 9.6 Maces & Flails
 + Level 7.7 Armour
   Level 3.2 Shields


You had 8 spell levels left.
You didn't know any spells.

Dungeon Overview and Level Annotations

Branches:
Dungeon (10/15)            Temple (1/1) D:6
   Lair: D:8-11         Orc: D:9-12

Altars:
Ashenzari
Cheibriados
Dithmenos
Elyvilon
Fedhas
Kikubaaqudgha
Makhleb
Nemelex Xobeh
Okawaru
Qazlal
Ru
Trog
Uskayaw
Vehumet
Xom
Yredelemnul
The Shining One
Lugonu

Annotations:
D:5 Succubus's ghost, novice NaBe


Innate Abilities, Weirdness & Mutations

You are resistant to torment.
Your stone body is resilient. (AC +5)
You are immune to poison.
You resist negative energy. (rN+)
You are resistant to electric shocks. (rElec)
You can survive without breathing.
You are immune to petrification.
You are immune to rotting.


Message History

The water moccasin misses you.
You miss the water moccasin.
The water moccasin is heavily wounded.
The water moccasin bites you.
* * * LOW HITPOINT WARNING * * *
You hit the water moccasin.
The water moccasin is severely wounded.
The water moccasin bites you but does no damage.
That item cannot be evoked!
Evoke which item? (* to show all) (? for menu, Esc to quit)
Zapping:
c - a wand of teleportation (1/9)
Press: ? - help, Shift-Dir - straight line, f - you
Okay, then.
Evoke which item? (* to show all) (? for menu, Esc to quit)
Zapping:
c - a wand of teleportation (1/9)
Press: ? - help, Shift-Dir - straight line, f - you You feel strangely unstable.
This wand has 0 charges left.
The water moccasin bites you but does no damage. x2
The ogre hits you with a giant club!
You die...

#..#
#.##.###.#...
#..######.##O#
#>#...
#............#
#.#...
#.######.####
#.#...
#.....O..# ?.
. #.########
#.#
#.####.####
#.O@S......
###########


You could see a water moccasin and an ogre.

Vanquished Creatures
  The ghost of oldriver the Magician, a novice HEFE of Hepliaklqana (D:6)
  Duvessa (D:5)
  2 ice beasts (D:6)
  An orc warrior (D:6)
  2 necrophages
  2 ogres
  2 centaurs
  The ghost of ProzacElf the Digger, an amateur FoEE (D:4)
  Blork the orc (D:5)
  5 bullfrogs
  Dowan (D:5)
  2 scorpions
  A howler monkey (D:6)
  2 crimson imps
  A bullfrog zombie (D:6)
  5 hounds
  2 jellies
  4 orc wizards
  Crazy Yiuf (D:5)
  2 orc priests (D:9)
  Jessica (D:3)
  A centaur skeleton (D:5)
  Ijyb (D:3)
  Terence (D:2)
  Natasha (thrice) (D:3)
  5 worker ants
  A hound zombie (D:7)
  2 hound skeletons
  2 worker ant zombies (D:6)
  Robin (D:3)
  9 adders
  2 oozes (D:5)
  An adder skeleton (D:4)
  4 worms
  5 dart slugs
  2 leopard geckos
  14 orcs
  5 bats
  6 giant cockroaches
  20 goblins
  9 hobgoblins
  13 jackals
  12 kobolds
  4 quokkas
  7 ball pythons
  10 frilled lizards
  A giant cockroach zombie (D:5)
  A jackal skeleton (D:5)
  A leopard gecko zombie (D:5)
  6 rats
189 creatures vanquished.

Vanquished Creatures (others)
  An orc wizard (D:5)
1 creature vanquished.

Grand Total: 190 creatures vanquished

Notes
Turn   | Place    | Note
-------+----------+-------------------------------------------
     0 | D:1      | Illmatic the Gargoyle Fighter began the quest for the Orb.
     0 | D:1      | Reached XP level 1. HP: 14/14 MP: 1/1
   109 | D:1      | Reached XP level 2. HP: 12/19 MP: 2/2
   348 | D:1      | Reached XP level 3. HP: 16/23 MP: 3/3
   877 | D:2      | Found a shadowy altar of Dithmenos.
   929 | D:2      | Reached skill level 3 in Maces & Flails
  1107 | D:2      | Noticed Terence
  1126 | D:2      | Killed Terence
  1126 | D:2      | Reached XP level 4. HP: 18/29 MP: 4/4
  1682 | D:3      | Noticed Ijyb
  1713 | D:3      | Killed Ijyb
  1713 | D:3      | Reached XP level 5. HP: 29/33 MP: 5/5
  1740 | D:3      | Reached skill level 4 in Maces & Flails
  1846 | D:3      | Found a glowing drain.
  1866 | D:3      | Noticed Natasha
  1873 | D:3      | Noticed Jessica
  1892 | D:3      | Killed Natasha
  1897 | D:3      | Killed Jessica
  1912 | Sewer    | Entered a sewer
  2524 | Sewer    | Reached XP level 6. HP: 36/39 MP: 6/6
  2959 | D:3      | Noticed Natasha
  2997 | D:3      | Killed Natasha
  2997 | D:3      | Reached skill level 5 in Maces & Flails
  3061 | D:3      | Found a sacrificial altar of Ru.
  3096 | D:3      | Noticed Robin
  3126 | D:3      | Killed Robin
  3346 | D:3      | Found a bloodstained altar of Trog.
  3357 | D:3      | Noticed Natasha
  3372 | D:3      | Killed Natasha
  3414 | D:3      | Found an ancient bone altar of Kikubaaqudgha.
  3607 | D:4      | Noticed ProzacElf's ghost (amateur FoEE)
  3641 | D:4      | Killed ProzacElf's ghost
  3641 | D:4      | Reached XP level 7. HP: 41/44 MP: 7/7
  3753 | D:4      | Reached skill level 5 in Fighting
  3774 | D:4      | Reached skill level 6 in Maces & Flails
  3813 | D:4      | Reached skill level 5 in Armour
  4026 | D:4      | Found a stormy altar of Qazlal.
  4117 | D:4      | Found a white marble altar of Elyvilon.
  4179 | D:5      | Entered Level 5 of the Dungeon
  4202 | D:5      | Noticed Duvessa
  4202 | D:5      | Noticed Dowan
  4215 | D:5      | Killed Duvessa
  4223 | D:5      | Killed Dowan
  4319 | D:5      | Reached XP level 8. HP: 48/50 MP: 8/8
  4397 | D:5      | Found a runed door.
  4438 | D:5      | Noticed Succubus's ghost (novice NaBe)
  4495 | D:5      | Reached skill level 7 in Maces & Flails
  4505 | D:5      | Noticed Blork the orc
  4514 | D:5      | Killed Blork the orc
  4751 | D:5      | Found a glowing golden altar of the Shining One.
  4932 | D:5      | Noticed Crazy Yiuf
  4946 | D:5      | Killed Crazy Yiuf
  4957 | D:5      | Got a fine mace
  4958 | D:5      | Identified the +4 mace of Defiance {crush, MR++ Int+4 Dex+3 Stlth-} (You found it on level 5 of the Dungeon)
  5066 | D:6      | Found a staircase to the Ecumenical Temple.
  5090 | D:6      | Reached skill level 8 in Maces & Flails
  5105 | Temple   | Entered the Ecumenical Temple
  5202 | Temple   | Became a worshipper of Warmaster Okawaru
  5373 | D:6      | Reached XP level 9. HP: 56/56 MP: 9/9
  5628 | D:6      | Noticed oldriver's ghost (novice HEFE)
  5633 | D:6      | Reached * piety under Okawaru
  5641 | D:6      | Killed oldriver's ghost
  5641 | D:6      | Reached skill level 9 in Maces & Flails
  6175 | D:7      | You fall through a shaft for 2 floors!
  6175 | D:9      | Found a shimmering altar of Xom.
  6189 | D:9      | Reached ** piety under Okawaru
  6213 | D:9      | Noticed a hill giant
  6214 | D:9      | Noticed a fire dragon
  6214 | D:9      | a hill giant changed into a fire dragon
  6237 | D:10     | Entered Level 10 of the Dungeon
  6262 | D:10     | Slain by an ogre

Vault maps used:
D:1:      minmay_arrival_shattered_statue
D:2:      old_standard_altar, uniq_terence
D:3:      lemuel_coloured_pillars_altar, lightli_temple_of_fire,
          kiku_gazebo_pond_becter, portal_sewer_entry_c, uniq_natasha,
          uniq_iyjb, uniq_jessica, uniq_robin
D:4:      lemuel_round_altar, old_standard_altar, first_bread
D:5:      nicolae_tso_swordbearing_angel, minmay_misc_feat_encased,
          uniq_blork_the_orc, uniq_duvessa, uniq_crazy_yiuf_cottage
D:7:      uniq_pikel, uniq_menkaure
D:9:      grunt_temple_overflow_gold_and_silver, tgw_xom, dpeg_lair_monsters
D:10:     grunt_ogre_cave
Temple:   corrupted_temple
Sewer:    sewer_co_scattered_pipes

Skill      XL: |  1  2  3  4  5  6  7  8  9 |
---------------+----------------------------+-----
Maces & Flails | 3 4 5 6 8 9 |  9.6
Fighting       | 4 5 6 8 |  8.0
Armour         | 4 5 6 7 |  7.7
Shields        | |  3.2

Action                   |  1- 3 |  4- 6 |  7- 9 || total
-------------------------+-------+-------+-------++-------
Melee: Flail             |   139 |   346 |   190 ||   675
       Mace              |       |       |   177 ||   177
       Unarmed           |       |       |     5 ||     5
Evoke: Wand              |       |       |     4 ||     4
  Use: Scroll            |     1 |     6 |     7 ||    14
       Potion            |       |     7 |     8 ||    15
  Eat: Chunk             |       |    10 |     4 ||    14
       Meat ration       |       |       |     1 ||     1
Armor: Scale mail        |    90 |       |       ||    90
       Chain mail        |       |   329 |   153 ||   482
       Skin              |       |    44 |       ||    44
       Ring mail         |       |       |   116 ||   116
Dodge: Dodged            |    70 |   188 |   192 ||   450
